 Dungeon Crawl Stone Soup version 0.29-a0-234-g0dae59b3db (webtiles) character file.

Game seed: 1868424316927376143

48 Anathary the Covered (level 3, -1/33 HPs)
             Began as a Minotaur Fighter on Mar 3, 2022.
             Slain by Natasha (2 damage)
             ... on level 2 of the Dungeon.
             The game lasted 00:06:07 (1357 turns).

Anathary the Covered (Minotaur Fighter)             Turns: 1357, Time: 00:06:08

Health: -1/33      AC:  7    Str: 22    XL:     3   Next: 50%
Magic:  2/2        EV:  8    Int:  5    God:
Gold:   108        SH:  8    Dex:  9    Spells: 2/2 levels left

rFire   . . .      SeeInvis .   a - +0 long sword
rCold   . . .      Faith    .   m - +0 kite shield
rNeg    . . .      Spirit   .   b - +0 scale mail
rPois   .          Reflect  .   (helmet restricted)
rElec   .          Harm     .   (no cloak)
rCorr   .          Rampage  .   (no gloves)
Will    .....                   (no boots)
Stlth   ..........              (no amulet)
HPRegen 0.11/turn               (no ring)
MPRegen 0.08/turn               (no ring)

@: no status effects
A: horns 2, retaliatory headbutt
a: no special abilities


You were on level 2 of the Dungeon.
You visited 1 branch of the dungeon, and saw 2 of its levels.

You collected 108 gold pieces.

Inventory:

Hand Weapons
 a - a +0 long sword (weapon)
Armour
 b - a +0 scale mail (worn)
 m - a +0 kite shield (worn)
Scrolls
 f - a scroll of amnesia {unknown}
 k - a scroll of vulnerability {unknown}
 l - a scroll of teleportation {unknown}
Potions
 d - 2 potions of might
 e - a potion of heal wounds {unknown}
 g - a potion of brilliance {unknown}
 h - a potion of curing {unknown}
 i - 2 potions of mutation {unknown}
 j - a potion of flight {unknown}


   Skills:
 + Level 4.1 Fighting
 + Level 3.2 Long Blades
 + Level 4.2 Armour
 + Level 4.0 Shields


You had 2 spell levels left.
You didn't know any spells.
Your spell library contained the following spells:

 Spells                   Type           Power      Damage    Failure   Level
 Silence                  Hex/Air        0%         N/A       100%        5
 Necromutation            Tmut/Necr      0%         N/A       100%        8


Dungeon Overview and Level Annotations

Branches:
Dungeon (2/15)

Altars:

Annotations:
D:2 Natasha


Innate Abilities, Weirdness & Mutations

You have a pair of horns on your head.
You reflexively headbutt those who attack you in melee.


Message History

The endoplasm freezes you.
You are frozen.
Natasha completely misses you. The hobgoblin closely misses you.
You furiously retaliate!
You headbutt the hobgoblin!
You kill the hobgoblin!
You barely miss Natasha. Your headbutt misses Natasha.
Natasha is lightly wounded.
The endoplasm misses you. You block Natasha's attack.
The endoplasm hits you but does no damage.
You miss Natasha. Your headbutt misses Natasha.
Natasha is lightly wounded.
You block Natasha's attack. You block the endoplasm's attack.
Natasha claws you!
You closely miss Natasha.
Natasha is lightly wounded.
The endoplasm closely misses you. You block Natasha's attack.
The endoplasm freezes you.
You are frozen.
* * * LOW HITPOINT WARNING * * *
You barely miss Natasha.
Natasha is lightly wounded.
Natasha claws you!
* * * LOW HITPOINT WARNING * * *
The endoplasm jiggles.
You block the endoplasm's attack.
You miss Natasha. Your headbutt misses Natasha.
Natasha is lightly wounded.
Natasha misses you. You furiously retaliate!
You headbutt Natasha.
The endoplasm jiggles.
You block the endoplasm's attack. You block Natasha's attack.
You barely miss Natasha.
Natasha is moderately wounded.
The endoplasm misses you. You block Natasha's attack.
The endoplasm freezes you.
You are frozen.
* * * LOW HITPOINT WARNING * * *
You hit Natasha.
Natasha is heavily wounded.
Natasha claws you.
You die...

##################)####.######
#### #.# #.# ..... ..
####+####.# ##.##
#.##......##.#########
..#......##.......... ##
#.#......############ ..
#[#......# #.. ## #..J.h...#
#.# #..@....# #.# #..##+###
#.# ######.##.####### #.#
.................######.#
#######.##.#####. #.....#
#.##.# #.##### #.##.# #.#
#..#.# #.# ##.#)# #.#


You could see Natasha and an endoplasm.

Vanquished Creatures
  8 ball pythons
  6 bats
  5 endoplasms
  A giant cockroach (D:2)
  5 goblins
  3 hobgoblins
  5 jackals (D:1)
  3 kobolds
  2 frilled lizards (D:1)
  A rat (D:1)
39 creatures vanquished.

Notes
Turn   | Place    | Note
-------+----------+-------------------------------------------
     0 | D:1      | Anathary the Minotaur Fighter began the quest for the Orb.
     0 | D:1      | Reached XP level 1. HP: 19/19 MP: 0/0
   364 | D:1      | Reached XP level 2. HP: 27/27 MP: 1/1
   414 | D:1      | Got Fecoq's Tome of Unholy Rites and the Oath
   730 | D:1      | Reached XP level 3. HP: 30/33 MP: 2/2
  1344 | D:2      | Noticed Natasha
  1356 | D:2      | HP: 1/33 [frozen (1)]
  1357 | D:2      | Slain by Natasha

Illustrated notes

Levels and vault maps discovered:
D:1:      evilmike_arrival_rings, layout_basic, chequers_serial_rivers_micro_c,
          hex_large, minmay_misc_feat_doors,
          wander_ebering_terrifying_dragon_lair
D:2:      minmay_door_path, layout_basic, minmay_goblin_outpost, uniq_natasha

Skill      XL: |  1  2 |
---------------+-------+-----
Armour         | 4 |  4.2
Fighting       | 4 |  4.1
Shields        | 4 |  4.0
Long Blades    | 3 |  3.2

Action                   || total
-------------------------++-------
Melee: Long sword        ||   102
       Headbutt          ||    14
Armor: Scale mail        ||    55
Dodge: Dodged            ||    56
Block: Buckler           ||    20
       Kite shield       ||    14

Table legend: (Time is in decaauts)
 A = Elapsed time spent in this place.
 B = Non-inter-level travel time spent in this place.
 C = Inter-level travel time spent in this place.
 D = Time resting spent in this place.
 E = Time spent auto-exploring this place.
 F = Levels seen in this place.
 G = Mean time per level.
                   A        B        C        D        E       F      G
               +--------+--------+--------+--------+--------+-----+--------+
         Total |   1390 |   1358 |     32 |    385 |    100 |   2 |  695.0 |
       Dungeon |   1390 |   1358 |     32 |    385 |    100 |   2 |  695.0 |
               +--------+--------+--------+--------+--------+-----+--------+

Top non-repeatable levels by time:
     D:1: 807 daAuts
     D:2: 583 daAuts
